CAR
SALEM RED SOX @ CAROLINA MUDCATS
08/13/2099
 
TOP OF THE 1ST
Salem Red Sox batting - Pitching for Carolina Mudcats : RHP Jonathan Koenning
Pitching: RHP Jonathan Koenning
Batting: RHB Jose Alvarez 0-0: Foul Ball, location: 25FF
0-1: Swinging Strike
0-2: Strikes out swinging, 2-3 out at first.
Batting: LHB Kyle Guyton 0-0: Ball
1-0: Called Strike
1-1: Foul Ball, location: 2F
1-2: SINGLE (Line Drive, 8RS, EV 93.8 MPH)
Batting: RHB Marco Valenzuela 0-0: Called Strike
0-1: Foul Ball, location: 2F
0-2: Ball
1-2: Strikes out swinging
Batting: RHB Matt Frank 0-0: Called Strike
0-1: Reached on error, E6 (Groundball, 6, EV 91.9 MPH)
Kyle Guyton to second
Batting: RHB Joe McCullough 0-0: Ball
1-0: Foul Ball, location: 9LSF
1-1: Ball
2-1: Fly out, F8 (Flyball, 8RS, EV 88.1 MPH)
Top of the 1st over - 0 runs, 1 hit, 1 error, 2 left on base; Salem 0 - Carolina 0
BOTTOM OF THE 1ST
Carolina Mudcats batting - Pitching for Salem Red Sox : RHP Josh Richards
Pitching: RHP Josh Richards
Batting: RHB Luiz Innis 0-0: Called Strike
0-1: Ground out 5-3 (Groundball, 5, EV 76.9 MPH)
Batting: RHB Gilberto Flores 0-0: Swinging Strike
0-1: Swinging Strike
0-2: Ball
1-2: Ball
2-2: Ball
3-2: Strikes out looking
Batting: RHB Ryan Harrison 0-0: Swinging Strike
0-1: Ball
1-1: Ball
2-1: Foul Ball, location: 7LSF
2-2: Fly out, F8 (Flyball, 8LM, EV 91.9 MPH)
Bottom of the 1st over - 0 runs, 0 hits, 0 errors, 0 left on base; Salem 0 - Carolina 0
TOP OF THE 2ND
Salem Red Sox batting - Pitching for Carolina Mudcats : RHP Jonathan Koenning
Pitching: LHP Chris Hughes
Batting: RHB Bill Torres 0-0: SINGLE (Groundball, 56D, EV 110.0 MPH)
Batting: RHB Brad McGuire 0-0: Called Strike
0-1: Foul Ball, location: 2F
0-2: Ball
1-2: Foul Ball, location: 2F
1-2: Ball
2-2: SINGLE (Line Drive, 89S, EV 94.4 MPH)
Bill Torres to second
Batting: RHB Jesus Barvosa 0-0: Ball
1-0: Bunted foul
1-1: Foul Ball, location: 9LDF
1-2: Foul Ball, location: 2F
1-2: Ball
2-2: Ball
3-2: Foul Ball, location: 3SF
3-2: Grounds into double play, 6-4-3 (Groundball, 6, EV 97.5 MPH)
Bill Torres to third
Batting: RHB John Ristau Jr. 0-0: Ball
1-0: Foul Ball, location: 9LDF
1-1: Called Strike
1-2: Ball
2-2: Foul Ball, location: 2F
2-2: Ball
3-2: Fly out, F8 (Flyball, 8RD, EV 103.1 MPH)
Top of the 2nd over - 0 runs, 2 hits, 0 errors, 1 left on base; Salem 0 - Carolina 0
BOTTOM OF THE 2ND
Carolina Mudcats batting - Pitching for Salem Red Sox : RHP Josh Richards
Batting: LHB Vinny Giron 0-0: Foul Ball, location: 7LSF
0-1: Ball
1-1: Ground out 4-3 (Groundball, 4, EV 88.1 MPH)
Batting: RHB Henry Bedford 0-0: Foul Ball, location: 2F
0-1: SINGLE (Groundball, 4MD, EV 95.6 MPH)
Batting: SHB Pablo Castillo 0-0: Called Strike
0-1: Called Strike
0-2: Ball
1-2: Foul Ball, location: 3FF
1-2: Ball
2-2: Ball
3-2: Base on Balls
Henry Bedford to second
Batting: SHB Steve Bachleitner 0-0: Called Strike
0-1: Ball
1-1: Ball
2-1: Fly out, F8 (Line Drive, 8RM, EV 90.6 MPH)
Batting: RHB Ed Morales 0-0: Fly out, F7 (Flyball, 7LM, EV 94.4 MPH)
Bottom of the 2nd over - 0 runs, 1 hit, 0 errors, 2 left on base; Salem 0 - Carolina 0
TOP OF THE 3RD
Salem Red Sox batting - Pitching for Carolina Mudcats : LHP Chris Hughes
Batting: RHB Jose Alvarez 0-0: Ball
1-0: Called Strike
1-1: Ball
2-1: TRIPLE (Line Drive, 9LD, EV 101.9 MPH)
Batting: LHB Kyle Guyton 0-0: Called Strike
0-1: Ball
1-1: Ball
2-1: Ground out 6-3 (Groundball, 6, EV 80.6 MPH)
Jose Alvarez scores
Batting: RHB Marco Valenzuela 0-0: Ball
1-0: Ball
2-0: Foul Ball, location: 9LMF
2-1: Foul Ball, location: 2F
2-2: Foul Ball, location: 9LDF
2-2: SOLO HOME RUN (Flyball, 78XD, EV 97.5 MPH), Distance : 392 ft
Batting: RHB Matt Frank 0-0: Called Strike
0-1: Fly out, F8 (Flyball, 8LD, EV 101.3 MPH)
Batting: RHB Joe McCullough 0-0: Swinging Strike
0-1: Ball
1-1: SINGLE (Groundball, 6MD, EV 110.0 MPH)
Batting: RHB Bill Torres 0-0: Ball
1-0: Ground out 5-3 (Groundball, 15, EV 92.5 MPH)
Top of the 3rd over - 2 runs, 3 hits, 0 errors, 1 left on base; Salem 2 - Carolina 0
BOTTOM OF THE 3RD
Carolina Mudcats batting - Pitching for Salem Red Sox : RHP Josh Richards
Batting: RHB Ignacio Arreola 0-0: Ball
1-0: Ball
2-0: Foul Ball, location: 9LMF
2-1: Swinging Strike
2-2: Ball
3-2: Foul Ball, location: 9LDF
3-2: Strikes out swinging
Batting: RHB Luiz Innis 0-0: Ball
1-0: Ball
2-0: Fly out, F7 (Flyball, 7S, EV 95.0 MPH)
Batting: RHB Gilberto Flores 0-0: Called Strike
0-1: Ball
1-1: Foul Ball, location: 9LDF
1-2: Foul Ball, location: 23F
1-2: Foul Ball, location: 2F
1-2: SINGLE (Line Drive, 6MD, EV 98.8 MPH)
Batting: RHB Ryan Harrison 0-0: Swinging Strike
0-1: Ball
1-1: Ball
2-1: 2-RUN HOME RUN (Line Drive, 78XD, EV 108.8 MPH), Distance : 406 ft
Batting: LHB Vinny Giron 0-0: SOLO HOME RUN (Flyball, 9LD, EV 96.9 MPH), Distance : 361 ft
Batting: RHB Henry Bedford 0-0: Called Strike
0-1: Ball
1-1: Swinging Strike
1-2: Foul Ball, location: 2F
1-2: Ball
2-2: Ball
3-2: Foul Ball, location: 7LMFF
3-2: Strikes out looking
Bottom of the 3rd over - 3 runs, 3 hits, 0 errors, 0 left on base; Salem 2 - Carolina 3
TOP OF THE 4TH
Salem Red Sox batting - Pitching for Carolina Mudcats : LHP Chris Hughes
Batting: RHB Brad McGuire 0-0: Called Strike
0-1: Ball
1-1: Foul Ball, location: 5FF
1-2: Strikes out swinging
Batting: RHB Jesus Barvosa 0-0: Ball
1-0: Foul Ball, location: 9LSF
1-1: Foul Ball, location: 9LMF
1-2: Strikes out swinging
Batting: RHB John Ristau Jr. 0-0: Ball
1-0: Ball
2-0: Ball
3-0: Base on Balls
Batting: RHB Jose Alvarez 0-0: Ball
1-0: Ball
2-0: Called Strike
2-1: Fly out, F7 (Flyball, 7, EV 95.6 MPH)
Top of the 4th over - 0 runs, 0 hits, 0 errors, 1 left on base; Salem 2 - Carolina 3
BOTTOM OF THE 4TH
Carolina Mudcats batting - Pitching for Salem Red Sox : RHP Josh Richards
Batting: SHB Pablo Castillo 0-0: Ball
1-0: Ball
2-0: Ball
3-0: Foul Ball, location: 2RF
3-1: Base on Balls
Batting: SHB Steve Bachleitner 0-0: Ball
1-0: Called Strike
1-1: Fly out, F9 (Flyball, 9, EV 95.6 MPH)
Batting: RHB Ed Morales 0-0: Ball
1-0: Ball
2-0: Called Strike
Pablo Castillo is caught stealing 2nd base 2-4
2-1: Ball
3-1: Foul Ball, location: 2F
3-2: Base on Balls
Batting: RHB Ignacio Arreola 0-0: Called Strike
0-1: Foul Ball, location: 2F
0-2: Strikes out swinging
Bottom of the 4th over - 0 runs, 0 hits, 0 errors, 1 left on base; Salem 2 - Carolina 3
TOP OF THE 5TH
Salem Red Sox batting - Pitching for Carolina Mudcats : LHP Chris Hughes
Pitching: RHP Jose Rivera
Batting: LHB Kyle Guyton 0-0: Ball
1-0: Called Strike
1-1: Called Strike
1-2: Fly out, F8 (Flyball, 8LD, EV 98.8 MPH)
Batting: RHB Marco Valenzuela 0-0: Foul Ball, location: 7LMF
0-1: Foul Ball, location: 25F
0-2: Ball
1-2: Ball
2-2: Ground out 6-3 (Groundball, 6, EV 84.4 MPH)
Batting: RHB Matt Frank 0-0: Foul Ball, location: 3DF
0-1: Foul Ball, location: 3FF
0-2: Ball
1-2: Foul Ball, location: 23FF
1-2: Ball
2-2: Foul Ball, location: 7LMFF
2-2: Foul Ball, location: 2F
2-2: Fly out, F8 (Flyball, 8LD, EV 97.5 MPH)
Top of the 5th over - 0 runs, 0 hits, 0 errors, 0 left on base; Salem 2 - Carolina 3
BOTTOM OF THE 5TH
Carolina Mudcats batting - Pitching for Salem Red Sox : RHP Josh Richards
Batting: RHB Luiz Innis 0-0: Called Strike
0-1: Fly out, F9 (Flyball, 9LSF, EV 90.0 MPH)
Batting: RHB Gilberto Flores 0-0: Swinging Strike
0-1: Ball
1-1: SINGLE (Groundball, 6MD, EV 104.4 MPH)
Batting: RHB Ryan Harrison 0-0: Foul Ball, location: 9LDF
0-1: Ball
1-1: Ball
2-1: Fly out, F8 (Flyball, 8RD, EV 108.8 MPH)
Batting: LHB Vinny Giron 0-0: DOUBLE (Line Drive, 8RXD, EV 108.1 MPH)
Gilberto Flores to third
Batting: RHB Henry Bedford 0-0: Foul Ball, location: 5F
0-1: Foul Ball, location: 3DF
0-2: Foul Ball, location: 3F
0-2: Ball
1-2: Ball
2-2: SINGLE (Line Drive, 89S, EV 109.4 MPH)
Gilberto Flores scores
Vinny Giron to third
Runner from 3rd tries for Home, SAFE, throw by RF to home
Pitching: RHP Jake Stewart
Batting: SHB Pablo Castillo 0-0: Ground out 4-3 (Groundball, 34, EV 104.4 MPH)
Bottom of the 5th over - 2 runs, 3 hits, 0 errors, 1 left on base; Salem 2 - Carolina 5
TOP OF THE 6TH
Salem Red Sox batting - Pitching for Carolina Mudcats : RHP Jose Rivera
Batting: RHB Joe McCullough 0-0: Ball
1-0: Called Strike
1-1: Swinging Strike
1-2: Ground out 4-3 (Groundball, 4M, EV 88.1 MPH)
Batting: RHB Bill Torres 0-0: Called Strike
0-1: Ball
1-1: Ground out 4-3 (Groundball, 34, EV 80.0 MPH)
Batting: RHB Brad McGuire 0-0: Ball
1-0: Called Strike
1-1: Called Strike
1-2: Ball
2-2: Ground out 4-3 (Groundball, 4, EV 85.6 MPH)
Top of the 6th over - 0 runs, 0 hits, 0 errors, 0 left on base; Salem 2 - Carolina 5
BOTTOM OF THE 6TH
Carolina Mudcats batting - Pitching for Salem Red Sox : RHP Jake Stewart
Batting: SHB Steve Bachleitner 0-0: Ball
1-0: SINGLE (Line Drive, 78M, EV 85.6 MPH)
Batting: RHB Ed Morales 0-0: Grounds into double play, 5-4-3 (Groundball, 56S, EV 83.1 MPH)
Batting: RHB Ignacio Arreola 0-0: Ground out 4-3 (Groundball, 4, EV 84.4 MPH)
Bottom of the 6th over - 0 runs, 1 hit, 0 errors, 0 left on base; Salem 2 - Carolina 5
TOP OF THE 7TH
Salem Red Sox batting - Pitching for Carolina Mudcats : RHP Jose Rivera
Pitching: RHP Guillermo Rodriguez
Batting: RHB Jesus Barvosa 0-0: Ball
1-0: Swinging Strike
1-1: Foul Ball, location: 5DF
1-2: Ground out 6-3 (Groundball, 6, EV 83.1 MPH)
Batting: RHB John Ristau Jr. 0-0: Ground out 5-3 (Groundball, 15, EV 83.1 MPH)
Batting: RHB Jose Alvarez 0-0: Ball
1-0: Ball
2-0: Foul Ball, location: 2F
2-1: Swinging Strike
2-2: SINGLE (Groundball, 34D, EV 103.1 MPH)
Batting: LHB Kyle Guyton 0-0: Swinging Strike
0-1: Foul Ball, location: 7LSF
0-2: Foul Ball, location: 25FF
0-2: Ball
1-2: SINGLE (Line Drive, 78S, EV 99.4 MPH)
Jose Alvarez to second
Runner from 2nd tries for 3rd, SAFE, throw by LF made to third
Batting: RHB Marco Valenzuela 0-0: Ball
1-0: Ball
2-0: Foul Ball, location: 2F
2-1: Fly out, F8 (Flyball, 78D, EV 110.0 MPH)
Top of the 7th over - 0 runs, 2 hits, 0 errors, 2 left on base; Salem 2 - Carolina 5
BOTTOM OF THE 7TH
Carolina Mudcats batting - Pitching for Salem Red Sox : RHP Jake Stewart
Batting: RHB Luiz Innis 0-0: Called Strike
0-1: Fly out, F8 (Flyball, 8LM, EV 80.0 MPH)
Batting: RHB Gilberto Flores 0-0: SINGLE (Line Drive, 4MD, EV 105.6 MPH)
Batting: RHB Ryan Harrison 0-0: Ball
1-0: Grounds into double play, 6-4-3 (Groundball, 6M, EV 83.8 MPH)
Bottom of the 7th over - 0 runs, 1 hit, 0 errors, 0 left on base; Salem 2 - Carolina 5
TOP OF THE 8TH
Salem Red Sox batting - Pitching for Carolina Mudcats : RHP Guillermo Rodriguez
Pitching: RHP Robby Kershaw
Batting: RHB Matt Frank 0-0: Ground out 6-3 (Groundball, 6, EV 78.8 MPH)
Batting: RHB Joe McCullough 0-0: Called Strike
0-1: Ball
1-1: Foul Ball, location: 2F
1-2: Ball
2-2: Foul Ball, location: 2F
2-2: Strikes out swinging, 2-3 out at first.
Batting: RHB Bill Torres 0-0: Fly out, F9 (Flyball, 89M, EV 86.3 MPH)
Top of the 8th over - 0 runs, 0 hits, 0 errors, 0 left on base; Salem 2 - Carolina 5
BOTTOM OF THE 8TH
Carolina Mudcats batting - Pitching for Salem Red Sox : RHP Jake Stewart
Batting: LHB Vinny Giron 0-0: Called Strike
0-1: Fly out, F4 (Popup, 4M, EV 53.1 MPH)
Batting: RHB Henry Bedford 0-0: Swinging Strike
0-1: Swinging Strike
0-2: Foul Ball, location: 9LSF
0-2: SINGLE (Groundball, 6MD, EV 96.9 MPH)
Batting: SHB Pablo Castillo 0-0: Called Strike
0-1: Grounds into double play, 6-4-3 (Groundball, 6, EV 83.8 MPH)
Bottom of the 8th over - 0 runs, 1 hit, 0 errors, 0 left on base; Salem 2 - Carolina 5
TOP OF THE 9TH
Salem Red Sox batting - Pitching for Carolina Mudcats : RHP Robby Kershaw
Batting: RHB Brad McGuire 0-0: Called Strike
0-1: Ball
1-1: Ground out 5-3 (Groundball, 5, EV 87.5 MPH)
Pinch Hitting: LHB Justin Scappaticci 0-0: Swinging Strike
0-1: Foul Ball, location: 5F
0-2: Strikes out swinging
Pinch Hitting: LHB Jason McIntosh 0-0: Called Strike
0-1: Swinging Strike
0-2: SINGLE (Line Drive, 7S, EV 100.6 MPH)
Batting: RHB Jose Alvarez 0-0: Ball
1-0: Ground out 5-3 (Groundball, 15, EV 81.9 MPH)
Top of the 9th over - 0 runs, 1 hit, 0 errors, 1 left on base; Salem 2 - Carolina 5
Tuesday, May 14th , 2024 - OOTP Baseball 24.11 Build 85